 Dungeon Crawl Stone Soup version 0.29-a0-541-gaf1fc19f1b (webtiles) character file.

Game seed: 4570029411418110757

3844 zishaf the Cutter (level 10, 0/53 HPs)
             Began as a Vine Stalker Brigand on June 2, 2022.
             Was a Priest of Uskayaw.
             Slain by Erica
             ... wielding a +4 scimitar of flaming
              (7 damage)
             ... on level 8 of the Dungeon.
             The game lasted 00:17:40 (7187 turns).

zishaf the Cutter (Vine Stalker Brigand)            Turns: 7187, Time: 00:17:40

Health: 0/53       AC:  9    Str: 13    XL:     10   Next: 18%
Magic:  0/13       EV: 10    Int: 11    God:    Uskayaw [***...]
Gold:   143        SH: 11    Dex: 24    Spells: 5/9 levels left

rFire   . . .      SeeInvis .   z - +4 short sword (freeze)
rCold   . . .      Faith    .   C - +0 kite shield
rNeg    + . .      Spirit   +   o - +2 robe {rN+}
rPois   +          Reflect  .   (no helmet)
rElec   +          Harm     .   c - +0 cloak
rCorr   .          Rampage  .   B - +2 pair of gloves {Dex+3}
Will    +....                   x - +0 pair of boots
Stlth   ++++......              t - amulet of magic regeneration
HPRegen 0.97/turn               (no ring)
MPRegen 0.53/turn               (no ring)

@: no status effects
A: fangs 3, regeneration 1, magic shield, antimagic bite, no potion heal 2,
poison resistance, electricity resistance
a: Renounce Religion, Stomp, Line Pass


You were on level 8 of the Dungeon.
You worshipped Uskayaw.
Uskayaw was noncommittal.
You visited 2 branches of the dungeon, and saw 9 of its levels.

You collected 374 gold pieces.
You spent 231 gold pieces at shops.

Inventory:

Hand Weapons
 a - a +2 dagger of venom
 k - a +4 dagger of holy wrath
 p - a +4 long sword
 z - a +4 short sword of freezing (weapon)
Missiles
 d - 38 poisoned darts (quivered)
 e - 4 curare-tipped darts
 v - 9 javelins
Armour
 c - a +0 cloak (worn)
 i - a +0 ring mail
 o - a +2 robe of positive energy (worn)
 x - a +0 pair of boots (worn)
 B - a +2 pair of gloves of dexterity (worn)
 C - a +0 kite shield (worn)
Jewellery
 t - an amulet of magic regeneration (around neck)
Wands
 m - a wand of acid (4)
 y - a wand of iceblast (9)
Scrolls
 g - 2 scrolls of poison
 j - 2 scrolls of enchant armour
 A - a scroll of brand weapon
Potions
 b - a potion of might {unknown}
 f - a potion of attraction
 h - 6 potions of curing
 l - a potion of cancellation {unknown}
 n - 2 potions of mutation
 q - 2 potions of lignification {unknown}
 r - 2 potions of brilliance {unknown}
 s - a potion of degeneration {unknown}
 u - a potion of berserk rage {unknown}
 w - a potion of invisibility {unknown}


   Skills:
 + Level 6.4 Fighting
 + Level 6.4 Short Blades
 - Level 3.0 Throwing
 - Level 0.7 Dodging
 - Level 6.0 Stealth
 + Level 3.3 Shields
 + Level 6.2 Transmutations
 * Level 3.2 Invocations
 - Level 5.0 Evocations


You had 5 spell levels left.
You knew the following spells:

 Your Spells              Type           Power      Damage    Failure   Level
a - Passwall              Tmut/Erth      5%         N/A       43%         2
A - Wereblood             Tmut           13%        N/A       13%         2

Your spell library contained the following spells:

 Spells                   Type           Power      Damage    Failure   Level
 Magic Dart               Conj           0%         1d3       73%         1
 Necrotize                Necr           0%         1d4       73%         1
 Call Imp                 Summ           0%         N/A       86%         2
 Ensorcelled Hibernation  Hex/Ice        0%         N/A       86%         2
 Scorch                   Fire           0%         2d5       86%         2
 Searing Ray              Conj           0%         2d4       86%         2
 Sublimation of Blood     Necr           0%         N/A       86%         2
 Call Canine Familiar     Summ           0%         N/A       97%         3
 Mephitic Cloud           Conj/Pois/Air  0%         N/A       97%         3
 Portal Projectile        Hex/Tloc       0%         N/A       97%         3
 Swiftness                Air            0%         N/A       97%         3
 Vampiric Draining        Necr           0%         2d6       97%         3
 Corpse Rot               Necr/Pois/Air  0%         N/A       100%        4
 Dispel Undead            Necr           0%         3d6       100%        4
 Flame Wave               Conj/Fire      0%         2d4       100%        4
 Fulminant Prism          Conj/Hex       0%         3d6       100%        4
 Leda's Liquefaction      Hex/Erth       0%         N/A       100%        4
 Agony                    Necr           0%         N/A       100%        5
 Lee's Rapid Deconstruct  Erth           0%         3d5*      100%        5
 Death Channel            Necr           0%         N/A       100%        6
 Statue Form              Tmut/Erth      4%         N/A       100%        6
 Summon Cactus Giant      Summ           0%         N/A       100%        6
 Summon Hydra             Summ           0%         N/A       100%        7


Dungeon Overview and Level Annotations

Branches:
Dungeon (8/15)             Temple (1/1) D:7
   Lair: D:8-11

Altars:
Ashenzari
Cheibriados
Dithmenos
Elyvilon
Fedhas
Gozag
Hepliaklqana
Kikubaaqudgha
Makhleb
Nemelex Xobeh
Okawaru
Ru
Sif Muna
Trog
Uskayaw
Vehumet
Wu Jian
Xom
Yredelemnul
Zin
The Shining One

Shops:
D:4 [   D:5 [(*[=   D:7 [(

Annotations:
D:6 3 runed translucent doors, exclusion: upstairs, SuperHamster's ghost, novice OpCj
D:7 2 transporters
D:8 Erica


Innate Abilities, Weirdness & Mutations

You have razor-sharp teeth.
Your natural rate of healing is unusually fast.
When hurt, damage is shared between your health and your magic reserves.
Your bite disrupts and absorbs the magic of your enemies.
Potions cannot restore your health.
Your system is resistant to poisons. (rPois)
You are resistant to electric shocks. (rElec)


Message History

You hit the yak. You freeze the yak. You bite the yak, but do no damage.
The yak is lightly wounded.
The yak gores you!
You hit the yak but do no damage. You bite the yak! You drain its power.
You feel invigorated.
The yak is moderately wounded.
The yak gores you!
You are too injured to fight recklessly!
You are too injured to fight recklessly!
You are too injured to fight recklessly!
You are too injured to fight recklessly!
You puncture the yak! You freeze the yak. You bite the yak.
You drain its power.
You feel invigorated.
The yak is heavily wounded.
You block the yak's attack.
You can now pass through a line of other dancers.
You hit the yak. You freeze the yak.
The yak is severely wounded.
You hit the yak. You freeze the yak. You bite the yak. You drain its power.
The yak is moderately wounded.
You puncture the yak! You freeze the yak.
The yak is severely wounded.
The yak gores you!
Uskayaw will force your foes to helplessly watch your dance.
Uskayaw prepares the audience for your solo!
The helpless yak fails to defend itself.
You perforate the yak like a sieve!!! You freeze the yak.
You kill the yak!
You hear some strange, mumbled words.
Something tries to affect you, but you resist.
The yak is no longer paralysed.
Something hits you!!
* * * LOW HITPOINT WARNING * * *
Something burns you!
* * * LOW HITPOINT WARNING * * *
The yak barely misses you.
You see here a yak corpse.
You puncture the yak! You freeze the yak.
You kill the yak!
Something hits you!
You die...

####.## #.#.# #
#.#.## ##.#.###.
#..#######.........
##.##...).......#.#
#<##...†)..#.###
#>##......##.# ..
#......#### .# #.#
##.....#####.##.##
#..###@#........#
#..# #†{.........
#..# #.#.........
#.#...##.........
#.# #......... #.
#..†...... #
#.........
###.####.. .# .


There were no monsters in sight!

Vanquished Creatures
  A hornet (D:7)
  Grinder (D:3)
  Sigmund (D:3)
  3 yaks (D:8)
  Eustachio (D:6)
  A water moccasin (D:5)
  Duvessa (D:5)
  2 orc warriors
  2 black bears (D:6)
  3 centaurs
  An ogre (D:5)
  2 kobold brigands (D:7)
  A gnoll sergeant (D:6)
  A necrophage (D:7)
  4 scorpions
  Dowan (D:5)
  13 wights
  2 jellies
  5 hounds
  2 orc priests
  Jessica (D:2)
  5 iguanas
  2 orc wizards (D:5)
  7 adders
  8 gnolls
  3 white imps
  34 orcs
  4 ball pythons
  4 bats
  8 endoplasms
  10 giant cockroaches
  9 goblins
  4 hobgoblins
  5 jackals
  10 kobolds
  2 quokkas
  13 frilled lizards
  4 rats
181 creatures vanquished.

Vanquished Creatures (others)
  A fungus (D:7)
  15 plants
16 creatures vanquished.

Grand Total: 197 creatures vanquished

Notes
Turn   | Place    | Note
-------+----------+-------------------------------------------
     0 | D:1      | zishaf the Vine Stalker Brigand began the quest for the
                  | Orb.
     0 | D:1      | Reached XP level 1. HP: 11/11 MP: 2/2
     1 | D:1      | Found a runed translucent door.
   214 | D:1      | Reached skill level 5 in Stealth
   214 | D:1      | Reached XP level 2. HP: 14/15 MP: 1/3
   985 | D:1      | Reached XP level 3. HP: 16/18 MP: 4/4
  1408 | D:2      | Gained mutation: Your natural rate of healing is unusually
                  | fast. [Vine Stalker growth]
  1408 | D:2      | Reached XP level 4. HP: 23/23 MP: 5/5
  1438 | D:2      | Noticed Jessica
  1462 | D:2      | Killed Jessica
  1938 | D:2      | Identified the +2 quarterstaff of Hushrun {vorpal, rC+
                  | Str+3 Int+3 SInv}
  2129 | D:2      | Learned a level 2 spell: Wereblood
  2324 | D:3      | Found a faded altar of an unknown god.
  2355 | D:3      | Reached XP level 5. HP: 27/27 MP: 6/6
  2372 | D:3      | Noticed Sigmund
  2374 | D:3      | Killed Sigmund
  2375 | D:3      | Reached skill level 1 in Transmutations
  2375 | D:3      | Reached skill level 1 in Evocations
  2375 | D:3      | Reached XP level 6. HP: 32/32 MP: 7/7
  2382 | D:3      | Noticed Grinder
  2399 | D:3      | Killed Grinder
  2400 | D:3      | Reached XP level 7. HP: 26/36 MP: 5/8
  2883 | D:4      | Found Wuluj's Antique Armour Shop.
  2978 | D:4      | You fall into a shaft and drop 2 floors!
  3038 | D:5      | Entered Level 5 of the Dungeon
  3038 | D:5      | Found Xyest's Weapon Boutique.
  3162 | D:6      | Noticed Eustachio
  3200 | D:6      | Killed Eustachio
  3201 | D:6      | Gained mutation: You have razor-sharp teeth. [Vine Stalker
                  | growth]
  3201 | D:6      | Reached XP level 8. HP: 34/42 MP: 7/9
  3261 | D:5      | Noticed Dowan
  3262 | D:5      | Noticed Duvessa
  3269 | D:5      | Killed Dowan
  3277 | D:5      | Killed Duvessa
  3301 | D:5      | Found the +8 Wrath of Trog {antimagic, *Rage Rampage}
  3980 | D:5      | Found Ciomanihoqi's Armour Shoppe.
  4292 | D:5      | Reached skill level 5 in Short Blades
  4307 | D:5      | Reached skill level 5 in Fighting
  4322 | D:5      | Reached XP level 9. HP: 20/47 MP: 10/10
  4356 | D:5      | Found Boimou's Jewellery Boutique.
  4474 | D:5      | Found Ymullitz's Armour Emporium.
  4486 | D:5      | Bought a +1 pair of gloves of dexterity for 231 gold pieces
  4553 | D:5      | Found Wywnahai's Assorted Antiques.
  5107 | D:5      | Reached skill level 1 in Shields
  5151 | D:6      | Reached skill level 5 in Transmutations
  5220 | D:6      | Found a runed translucent gate.
  5222 | D:6      | Found a runed translucent gate.
  5222 | D:6      | Found a runed translucent gate.
  5222 | D:6      | Noticed SuperHamster's ghost (novice OpCj)
  5305 | D:6      | Reached skill level 5 in Evocations
  5646 | D:7      | Learned a level 2 spell: Passwall
  5682 | D:7      | Found Heophuche's Antique Armour Shop.
  5877 | D:7      | Found Umiuwum's Weapon Emporium.
  5930 | D:7      | Found a staircase to the Ecumenical Temple.
  5941 | Temple   | Entered the Ecumenical Temple
  6328 | Temple   | Became a worshipper of Uskayaw the Reveller
  6390 | D:7      | Found a sparkling altar of Nemelex Xobeh.
  6393 | D:7      | Reached * piety under Uskayaw
  6454 | D:7      | Found a transporter.
  6488 | D:7      | Reached ** piety under Uskayaw
  6493 | D:7      | Reached skill level 1 in Invocations
  6493 | D:7      | Reached *** piety under Uskayaw
  6650 | D:7      | Noticed a hornet
  6662 | D:7      | Killed a hornet
  6663 | D:7      | Reached XP level 10. HP: 47/53 MP: 12/12
  6667 | D:7      | Gained mutation: You are resistant to electric shocks.
                  | (rElec) [potion of mutation]
  6667 | D:7      | Gained mutation: Your system is resistant to poisons.
                  | (rPois) [potion of mutation]
  6725 | D:7      | Found a transporter.
  6773 | D:7      | Identified the amulet "Gaotz" {Regen+ Stlth+}
  7166 | D:8      | Noticed Erica
  7187 | D:8      | Slain by Erica

Illustrated notes

Levels and vault maps discovered:
D:1:      dpeg_arrival_caged_fury, layout_basic, minmay_lizard_king
D:2:      layout_basic, uniq_jessica
D:3:      layout_loops_ring, chequers_ecumenical_altar_simple, uniq_sigmund,
          uniq_grinder
D:4:      layout_loops_ring, serial_shops, nicolae_shop_advertising_works
          [nicolae_subvault_shop_adworks]
D:5:      layout_loops_ring, serial_shops, nicolae_shop_stone,
          nicolae_inconvenience_store, nicolae_diamond_shop,
          nicolae_shop_behind_doors, nicolae_take_the_stairs, uniq_duvessa
D:6:      layout_cave_pools, gammafunk_ghost_split, st_stairs_14, uniq_eustachio
D:7:      layout_basic, mainiacjoe_overflow_boulevard,
          minmay_temple_entry_crystal_x, gammafunk_ghost_gnarly_gnolls,
          serial_shops, nicolae_diamond_shop, kennysheep_little_box
D:8:      layout_loops_ring, small_chamber_with_monster, nrook_uturn,
          uniq_erica, uniq_joseph
Temple:   mainiacjoe_temple_big_plus

Skill      XL: |  1  2  3  4  5  6  7  8  9 10 |
---------------+-------------------------------+-----
Throwing       | 2 3 |  3.0
Stealth        | 5 6 |  6.0
Short Blades   | 2 3 4 5 6 |  6.4
Fighting       | 2 3 4 5 6 |  6.4
Transmutations | 1 2 3 4 6 |  6.2
Evocations     | 1 2 3 4 5 |  5.0
Shields        | 3 |  3.3
Invocations    | 2 3 |  3.2
Dodging        | |  0.7

Action                   |  1- 3 |  4- 6 |  7- 9 | 10-12 || total
-------------------------+-------+-------+-------+-------++-------
Melee: Dagger            |   102 |    65 |   216 |       ||   383
       Bite              |    19 |    21 |   144 |     8 ||   192
       Punch             |     1 |     1 |     3 |       ||     5
       Short sword       |       |       |   224 |    16 ||   240
Throw: Dart              |     2 |       |     4 |       ||     6
 Cast: Wereblood         |       |       |     5 |       ||     5
       Passwall          |       |       |     2 |       ||     2
Evoke: Wand              |       |       |     2 |       ||     2
  Use: Scroll            |       |       |    10 |     3 ||    13
       Potion            |       |       |       |     1 ||     1
 Stab: Sleeping          |     7 |     6 |    11 |     1 ||    25
       Paralysed         |       |       |     2 |     2 ||     4
       Distracted        |       |       |     1 |       ||     1
Armor: Ring mail         |    43 |    27 |   120 |       ||   190
       Robe              |       |       |     7 |     3 ||    10
Dodge: Dodged            |    51 |    29 |   177 |     4 ||   261
Block: Kite shield       |       |       |    69 |     7 ||    76
       Buckler           |       |       |    21 |       ||    21

Table legend: (Time is in decaauts)
 A = Elapsed time spent in this place.
 B = Non-inter-level travel time spent in this place.
 C = Inter-level travel time spent in this place.
 D = Time resting spent in this place.
 E = Time spent auto-exploring this place.
 F = Levels seen in this place.
 G = Mean time per level.
                   A        B        C        D        E       F      G
               +--------+--------+--------+--------+--------+-----+--------+
         Total |   7115 |   6773 |    342 |    180 |   4433 |   9 |  790.6 |
       Dungeon |   6689 |   6384 |    305 |    180 |   4060 |   8 |  836.1 |
        Temple |    425 |    388 |     37 |      0 |    373 |   1 |  425.0 |
               +--------+--------+--------+--------+--------+-----+--------+

Top non-repeatable levels by time:
     D:1: 1336 daAuts
     D:5: 1278 daAuts
     D:7: 992 daAuts
     D:2: 909 daAuts
     D:6: 782 daAuts
     D:4: 679 daAuts
     D:3: 603 daAuts
  Temple: 425 daAuts
     D:8: 109 daAuts
